 Dungeon Crawl Stone Soup version 0.29.1-13-g9f3cf754e1 (webtiles) character file.

Game seed: 10022042940033593221

58 croobank the Sneak (level 4, 0/31 HPs)
             Began as an Octopode Delver on Feb 7, 2023.
             Succumbed to an adder's poison
             ... on level 2 of the Dungeon.
             The game lasted 00:02:51 (1858 turns).

croobank the Sneak (Octopode Delver)                Turns: 1858, Time: 00:02:51

Health: 0/31       AC:  1    Str:  8 (11) XL:     4   Next: 2%
Magic:  4/4        EV: 13    Int: 13 (14) God:
Gold:   70         SH:  0    Dex: 11 (13) Spells: 3/3 levels left

rFire   . . .      SeeInvis .   a - +0 hand axe
rCold   . . .      Faith    .   (no shield)
rNeg    . . .      Spirit   .   (helmet restricted)
rPois   .          Reflect  .   (no amulet)
rElec   .          Harm     .   (no ring)
rCorr   .          Rampage  .   (no ring)
Will    .....                   (no ring)
Stlth   ++++......              (no ring)
HPRegen 0.10/turn               (no ring)
MPRegen 0.09/turn               (no ring)
                                (no ring)
                                (no ring)

@: lethally poisoned (0 -> -2), attractive
A: almost no armour, amphibious, 8 rings, camouflage 1, gelatinous body 1,
(nimble swimmer 1), tentacles
a: no special abilities


You were on level 2 of the Dungeon.
You visited 1 branch of the dungeon, and saw 5 of its levels.

You collected 70 gold pieces.

Inventory:

Hand Weapons
 a - a +0 hand axe (weapon)
 d - a +0 scimitar
Wands
 f - a wand of digging (3)
Scrolls
 b - a scroll of fog
 c - 2 scrolls of identify {unknown}
 g - 2 scrolls of noise {unknown}
 j - a scroll of teleportation {unknown}
 k - a scroll of enchant armour {unknown}
Potions
 e - 2 potions of haste


   Skills:
 + Level 3.4 Fighting
 + Level 2.6 Axes
 + Level 2.6 Dodging
 + Level 7.1 Stealth


You had 3 spell levels left.
You didn't know any spells.
Your spell library was empty.

Dungeon Overview and Level Annotations

Branches:
Dungeon (5/15)             Temple (0/1) D:4

Altars:

Annotations:
D:5 Grinder, Sigmund


Innate Abilities, Weirdness & Mutations

You cannot wear most types of armour.
You are amphibious.
You can wear up to eight rings at the same time.
Your skin changes colour to match your surroundings (Stealth+).
Your rubbery body absorbs attacks. (AC +1, EV +1)
((You are camouflaged when in or above water. (Stealth+)))
You have tentacles for arms and can constrict up to eight enemies at once.


Message History

You see here 11 gold pieces.
The quokka attacks as you move away! The quokka bites you. The adder bites you.
The adder misses you.
You hit the adder. Your grab misses the adder.
The adder is moderately wounded.
You hit the quokka. The quokka bites you. The adder closely misses you.
You hit the adder. Your grab misses the adder.
The adder is severely wounded.
You hit the quokka.
You kill the quokka!
The adder bites you but does no damage. The adder bites you.
You are poisoned.
The adder poisons you!
You hit the adder. Your grab misses the adder.
The adder is almost dead.
You feel sick. The adder misses you.
You barely miss the adder. Your grab misses the adder.
The adder is almost dead.
You feel sick. The adder bites you. x2
You completely miss the adder. Your grab misses the adder.
Your squeeze misses the adder.
The adder is almost dead.
You feel sick. The adder bites you.
* * * LOW HITPOINT WARNING * * *
You are more poisoned.
The adder poisons you!
You miss the adder. Your grab misses the adder.
The adder is almost dead.
* * * LOW HITPOINT WARNING * * *
You feel sick. The adder barely misses you. The adder bites you.
* * * LOW HITPOINT WARNING * * *
It was a potion of attraction.
You feel attractive to monsters.
* * * LOW HITPOINT WARNING * * *
You feel sick. The adder bites you.
* * * LOW HITPOINT WARNING * * *
It was a potion of degeneration.
There was something very wrong with that liquid.
You feel weakened.
You feel dopey.
You feel clumsy.
You die...

#........... #.
#...........
#.####....†..###.
+....>########
#.###'#######
#...........#
#...........#
#...........#
#.....@.....#
#....$S.....#
....'.†.........#
..###...........#
###.........#
#.........#
#.........#
###+#######


You could see an adder.

Vanquished Creatures
  2 adders
  A dart slug (D:4)
  2 ball pythons (D:1)
  2 bats (D:1)
  7 endoplasms
  A giant cockroach (D:1)
  5 hobgoblins (D:1)
  2 quokkas
  4 frilled lizards
  3 goblins (D:1)
  4 kobolds
  2 rats (D:2)
35 creatures vanquished.

Notes
Turn   | Place    | Note
-------+----------+-------------------------------------------
     0 | D:5      | croobank the Octopode Delver began the quest for the Orb.
     0 | D:5      | Reached XP level 1. HP: 16/16 MP: 1/1
     2 | D:5      | Noticed Grinder
    19 | D:4      | Reached XP level 2. HP: 13/21 MP: 2/2
    55 | D:4      | Noticed a black bear
   364 | D:5      | Noticed Sigmund
   890 | D:1      | Reached XP level 3. HP: 26/26 MP: 3/3
  1151 | D:1      | Reached skill level 7 in Stealth
  1848 | D:2      | Reached XP level 4. HP: 24/31 MP: 4/4
  1857 | D:2      | HP: 1/31 [adder (1)]
  1858 | D:2      | Succumbed to an adder's poison

Illustrated notes

Levels and vault maps discovered:
D:1:      arrival_zaba_pyramid, layout_basic, interstate_on_off
D:2:      layout_basic, minmay_pentomino_p4, uniq_crazy_yiuf_cottage
D:3:      layout_loops_cross, mainiacjoe_overflow_big_doors,
          hellmonk_ghost_happy_afterlife
D:4:      layout_cave_pools, temple_statues
D:5:      layout_loops_ring, uniq_ijyb, uniq_edmund, uniq_blork_the_orc,
          uniq_sigmund, uniq_grinder

Skill      XL: |  1  2  3 |
---------------+----------+-----
Stealth        | 7 |  7.1
Fighting       | |  3.4
Axes           | |  2.6
Dodging        | |  2.6

Action                   |  1- 3 |  4- 6 || total
-------------------------+-------+-------++-------
Melee: Hand axe          |    64 |     6 ||    70
       Constrict         |    14 |       ||    14
       Tentacles         |     7 |       ||     7
  Use: Scroll            |     2 |       ||     2
       Potion            |     1 |     2 ||     3
 Stab: Sleeping          |    16 |       ||    16
Armor: Skin              |     4 |     1 ||     5
Dodge: Dodged            |    38 |     6 ||    44
